Map: Orbital Shipyard

Players

melon

  • Race: Terran Terran
  • League: Master

nero - Winner!

  • Race: Zerg Zerg
  • League: Diamond

VOD

Have the link to the VOD?

Description

Time

  • Played on: Jan. 3, 2016, 7:23 p.m.
  • Length: 13:03
Show
View Real Time Build Order
Export as new Build Order

melon Terran 

Build Orders: 1/1/1, Mech 

Get SALT Encoding   

  12  0:01  SCV  
  13  0:13  SCV  
  14  0:18  Supply Depot  
  14  0:25  SCV  
  15  0:40  SCV, Barracks  
  16  0:44  Refinery  
  16  0:52  SCV  
  16  0:54  Refinery  
  17  1:04  SCV  
  18  1:16  SCV  
  19  1:28  Orbital Command  
  19  1:33  Factory  
  19  1:37  Supply Depot  
  19  1:42  Barracks Reactor  
  19  1:54  SCV  
  20  2:06  SCV  
  21  2:16  Factory Tech Lab  
  21  2:17  Starport  
  21  2:18  SCV  
  22  2:23  Supply Depot  
  22  2:30  SCV  
  22  2:35  Siege Tank  
  26  2:52  Command Center  
  26  2:56  Medivac  
  28  3:12  Siege Tank  
  31  3:15  Engineering Bay  
  31  3:17  SCV  
  32  3:32  Medivac  
  34  3:37  Supply Depot  
  34  3:50  Factory  
  34  3:52  SCV  
  34  3:54  Marine  
  36  4:07  Orbital Command  
  36  4:08  SCV  
  37  4:11  Refinery  
  37  4:31  Siege Tank  
  40  4:36  SCV x2  
  42  4:48  SCV, Medivac  
  42  4:49  SCV  
  42  4:50  Hellion x2  
  50  4:53  Factory  
  50  5:04  SCV x2  
  52  5:08  Siege Tank  
  55  5:16  SCV x2  
  57  5:28  SCV x2  
  59  5:39  Hellion x2, Refinery  
  59  5:40  Factory Tech Lab, SCV  
  64  5:43  Siege Tank  
  64  5:48  Starport Reactor  
  67  5:52  Armory  
  67  5:53  SCV  
  68  6:01  Hellion  
  70  6:07  Supply Depot  
  70  6:10  Supply Depot  
  70  6:15  SCV  
  70  6:16  Hellion  
  68  6:20  Cyclone  
  68  6:21  Cyclone  
  66  6:26  Liberator  
  66  6:31  SCV  
  66  6:32  SCV  
  68  6:35  Missile Turret  
  68  6:37  Missile Turret  
  68  6:38  Missile Turret  
  66  6:42  Missile Turret  
  66  6:43  SCV  
  66  6:44  SCV  
  66  6:45  Hellion x2  
  75  6:50  Missile Turret  
  75  6:55  Infernal Pre-Igniter  
  73  7:06  Hellion  
  73  7:10  Hellion  
  73  7:11  Thor  
  73  7:13  SCV  
  73  7:15  Liberator  
  82  7:18  Terran Vehicle Weapons Level 1  
  82  7:24  Missile Turret  
  82  7:27  Hellion  
  84  7:30  Liberator  
  84  7:33  SCV  
  89  7:43  SCV  
  88  7:46  SCV  
  88  7:48  Hellion  
  94  7:56  Supply Depot x2, Hellion  
  96  8:00  Hellion  
  96  8:01  Cyclone  
  101  8:07  Supply Depot  
  101  8:14  Liberator  
  101  8:18  Hellion x2  
  108  8:52  SCV  
  108  8:54  Cyclone x2  
  108  8:55  Hellion x2  
  119  8:58  Liberator  
  119  9:08  Supply Depot  
  119  9:12  Command Center  
  119  9:13  Missile Turret  
  119  9:16  Command Center, Hellion  
  119  9:17  Hellion  
  112  9:28  Liberator  
  105  9:44  Hellion x2, Cyclone x2  
  102  10:11  Hellion x2  
  101  10:17  Siege Tank  
  68  10:30  Siege Tank  
  68  10:32  Hellion  
  68  10:33  Hellion, Orbital Command x2  
  75  10:49  Siege Tank  
  78  10:53  Hellion  
  78  10:54  Liberator  
  80  11:02  Siege Tank  
  86  11:21  Siege Tank  
  86  11:22  Missile Turret  
  89  11:34  Siege Tank  
  89  11:36  Hellion, Liberator  
  89  11:37  Hellion  
  96  11:53  Siege Tank, Orbital Command  
  102  11:58  Hellion  
  101  12:06  Siege Tank  
  102  12:12  Hellion  
  97  12:32  Hellion  
  97  12:33  Hellion  
Show
View Real Time Build Order
Export as new Build Order

nero Zerg - Winner!

Build Orders: Hatch First 

Get SALT Encoding   

  12  0:00  Drone  
  13  0:12  Overlord  
  13  0:17  Drone  
  14  0:30  Drone  
  14  0:31  Drone  
  14  0:35  Drone  
  17  0:53  Hatchery  
  17  0:55  Drone  
  17  1:08  Spawning Pool  
  17  1:10  Drone  
  17  1:13  Extractor  
  17  1:15  Drone  
  17  1:19  Drone  
  18  1:28  Drone  
  19  1:38  Overlord  
  19  1:55  Queen  
  19  1:57  Zergling x2  
  19  2:00  Zergling x2  
  23  2:04  Queen  
  23  2:06  Drone  
  26  2:11  Drone  
  27  2:19  Drone  
  28  2:29  Drone x2  
  30  2:31  Queen  
  32  2:39  Drone  
  32  2:42  Drone  
  34  2:46  Hatchery  
  33  2:51  Overlord  
  33  2:57  Drone x2  
  35  3:06  Overlord  
  35  3:07  Drone  
  35  3:09  Queen  
  35  3:12  Lair  
  38  3:13  Drone  
  39  3:21  Drone x3  
  39  3:24  Overlord  
  42  3:30  Drone x2  
  42  3:32  Extractor  
  43  3:39  Roach Warren  
  43  3:40  Drone  
  43  3:43  Extractor  
  43  3:44  Drone x2  
  44  3:50  Metabolic Boost  
  44  3:55  Drone x4  
  48  3:59  Drone x2  
  50  4:06  Drone  
  50  4:07  Drone  
  52  4:16  Drone x7  
  59  4:29  Spore Crawler  
  59  4:30  Zergling x10  
  61  4:37  Spire  
  58  4:49  Evolution Chamber  
  58  4:50  Evolution Chamber  
  56  4:53  Infestation Pit  
  55  5:06  Overlord x2  
  55  5:08  Queen  
  55  5:09  Extractor, Queen  
  55  5:10  Zergling x8  
  62  5:26  Drone x3  
  64  5:39  Overlord x2  
  61  5:48  Mutalisk x6  
  73  5:51  Drone x5  
  78  6:03  Drone x4  
  82  6:09  Mutalisk x2  
  83  6:13  Drone x3  
  86  6:21  Drone x5  
  86  6:25  Zerg Melee Weapons Level 1  
  89  6:33  Drone x3  
  89  6:35  Hive  
  92  6:42  Roach  
  92  6:43  Hatchery  
  93  6:50  Roach x2  
  97  6:55  Overlord x3  
  97  6:56  Extractor  
  97  6:57  Extractor  
  91  7:09  Overlord x3  
  91  7:10  Roach x3  
  97  7:16  Overlord  
  97  7:17  Drone x6  
  102  7:26  Pathogen Glands  
  102  7:27  Zerg Ground Armor Level 1  
  102  7:30  Drone x6  
  102  7:33  Overlord  
  102  7:34  Overlord  
  108  7:54  Greater Spire  
  108  8:09  Overlord x2  
  108  8:10  Hatchery, Roach x13  
  131  8:23  Roach x8  
  147  8:44  Zerg Missile Weapons Level 1  
  147  8:47  Roach  
  147  8:48  Roach x13  
  167  8:51  Ravager x5  
  174  8:55  Roach  
  174  8:56  Roach x2  
  174  8:57  Overlord  
  178  9:06  Roach x5  
  188  9:15  Roach x4  
  188  9:16  Roach  
  179  9:31  Ravager x4  
  173  9:49  Zergling x6  
  173  9:50  Zergling x42  
  189  9:57  Glial Reconstitution  
  179  10:07  Zergling x18  
  178  10:19  Roach  
  178  10:20  Roach x3  
  154  10:34  Hatchery, Corruptor  
  154  10:35  Corruptor x3  
  161  10:37  Ultralisk Cavern  
  160  10:44  Hatchery  
  160  10:49  Ravager x6  
  162  10:58  Corruptor  
  162  10:59  Overlord x3  
  162  11:01  Drone x10  
  162  11:02  Drone  
  175  11:16  Extractor  
  175  11:17  Extractor  
  169  11:25  Corruptor x5  
  179  11:44  Overlord x2  
  179  11:45  Overlord  
  179  11:46  Overlord x2  
  179  11:52  Brood Lord  
  179  11:53  Brood Lord x2  
  173  12:04  Roach  
  173  12:05  Roach x6  
  148  12:10  Zergling x18  
  157  12:20  Roach  
  157  12:21  Roach x5  
  156  12:33  Roach x7  
  168  12:40  Roach x3  
  169  12:50  Extractor  
  169  12:51  Extractor  
Tags
 
Add a new tag
Caveats
  • Supply blocks, unpowered buildings, or Contaminate may cause inaccurate times.
  • Supply counts are checked every 10 seconds.